 Dungeon Crawl Stone Soup version 0.31-b1-17-gcfd88c8481 (webtiles) character file.

Game seed: 9908521146583530091

1033 Arctor the Vexing (level 8, -2/60 HPs)
             Began as a Gnoll Hexslinger on Jan 16, 2024.
             Slain by a killer bee (8 damage)
             ... on level 5 of the Dungeon.
             The game lasted 00:06:18 (3571 turns).

Arctor the Vexing (Gnoll Hexslinger)                Turns: 3571, Time: 00:06:18

Health: -2/60      AC:  6    Str:  8      XL:     8   Next: 24%
Magic:  14/14      EV: 14    Int: 13      God:
Gold:   133        SH:  0    Dex: 15 (16) Spells: 13/15 levels left

rFire   + + .        g - +0 arbalest
rCold   . . .        (shield currently unavailable)
rNeg    . . .        c - +0 robe
rPois   .            (no helmet)
rElec   .            f - +0 cloak
rCorr   .            (no gloves)
SInv    .            o - +2 pair of boots "Tuucs" {^Contam rF+ Regen+}
Will    .....        (no amulet)
Stlth   ++           s - ring of wizardry
HPRegen 1.10/turn    n - ring of protection from fire
MPRegen 0.14/turn

%: wizardry (x1)
@: lethally poisoned (-2 -> -4), on berserk cooldown, slowed, very slow
A: fangs 1, strong nose, distributed training
a: no special abilities


You were on level 5 of the Dungeon.
You visited 1 branch of the dungeon, and saw 5 of its levels.

You collected 133 gold pieces.

Inventory:

Hand Weapons
 a - a +1 sling
 g - a +0 arbalest (weapon)
Armour
 c - a +0 robe (worn)
 f - a +0 cloak (worn)
 i - a +0 pair of boots
 o - the +2 pair of boots "Tuucs" (worn) {^Contam rF+ Regen+}
   (You found it on level 4 of the Dungeon)

   rF+:       It protects you from fire.
   ^Contam:   It causes magical contamination when unequipped.
   Regen+:    It increases your rate of health regeneration.
Jewellery
 l - a ring of fire
 n - a ring of protection from fire (right hand)
 s - a ring of wizardry (left hand)
Wands
 p - a wand of mindburst (10)
Scrolls
 b - 4 scrolls of poison
 e - a scroll of identify
 r - a scroll of teleportation
 t - a scroll of summoning {unknown}
Potions
 d - 2 potions of curing
 h - a potion of resistance
 j - a potion of degeneration


   Skills:
 + Level 4.1 Fighting
 + Level 3.2 Short Blades
 + Level 3.2 Long Blades
 + Level 3.2 Axes
 + Level 3.2 Maces & Flails
 + Level 3.2 Polearms
 + Level 3.2 Staves
 + Level 5.6 Ranged Weapons
 + Level 3.2 Throwing
 + Level 3.2 Armour
 + Level 5.6 Dodging
 + Level 3.2 Stealth
 + Level 3.2 Shields
 + Level 3.2 Unarmed Combat
 + Level 4.3 Spellcasting
 + Level 2.6 Conjurations
 + Level 6.1 Hexes
 + Level 2.6 Summonings
 + Level 2.6 Necromancy
 + Level 2.6 Translocations
 + Level 3.4 Fire Magic
 + Level 2.6 Ice Magic
 + Level 2.6 Air Magic
 + Level 2.6 Earth Magic
 + Level 2.6 Alchemy
 + Level 3.5 Invocations
 + Level 3.2 Evocations
 + Level 2.9 Shapeshifting


You had 13 spell levels left.
You knew the following spells:

 Your Spells              Type           Power      Damage    Failure   Level
a - Jinxbite              Hex            36%        N/A       1%          2

Your spell library contained the following spells:

 Spells                   Type           Power      Damage    Failure   Level
 Ensorcelled Hibernation  Hex/Ice        28%        N/A       1%          2
 Sigil of Binding         Hex            18%        N/A       1%          3
 Foxfire                  Conj/Fire      40%        2x1d6     2%          1
 Inner Flame              Hex/Fire       15%        N/A       3%          3
 Cause Fear               Hex            9%         N/A       6%          4
 Volatile Blastmotes      Fire/Tloc      20%        2d11      7%          3
 Fugue of the Fallen      Necr           9%         N/A       9%          3
 Anguish                  Hex/Necr       7%         N/A       13%         4
 Dimensional Bullseye     Hex/Tloc       7%         N/A       13%         4
 Fulminant Prism          Conj/Alch      4%         3d5       26%         4
 Iskenderun's Mystic Bla  Conj/Tloc      9%         2d4       26%         4
 Silence                  Hex/Air        7%         N/A       34%         5
 Yara's Violent Unravell  Hex/Alch       7%         3d5       34%         5
 Fireball                 Conj/Fire      5%         3d5       52%         5


Dungeon Overview and Level Annotations

Branches:
Dungeon (5/15)             Temple (0/1) D:5

Altars:
Sif Muna

Annotations:
D:5 Prince Ribbit


Innate Abilities, Weirdness & Mutations

You have very sharp teeth.
Your uncanny sense of smell can sniff out nearby items.
Your experience applies equally to all skills.


Message History

The killer bee is moderately wounded.
The killer bee barely misses you. The killer bee closely misses you.
You miss the killer bee. Your bite misses the killer bee.
The killer bee is moderately wounded.
The killer bee barely misses you. x2
You closely miss the killer bee.
The killer bee is moderately wounded.
You feel your willpower return. The killer bee closely misses you.
The killer bee completely misses you.
You hit the killer bee! Your bite misses the killer bee.
The killer bee is severely wounded.
The killer bee barely misses you. The killer bee completely misses you.
You miss the killer bee.
The killer bee is severely wounded.
The killer bee barely misses you. The killer bee stings you!
* * * LOW HITPOINT WARNING * * *
You clumsily bash the killer bee.
The killer bee is almost dead.
The killer bee stings you but does no damage.
The killer bee barely misses you.
You feel less attractive to monsters.
You closely miss the killer bee. Your bite misses the killer bee.
The killer bee is almost dead.
The killer bee completely misses you. The killer bee closely misses you.
You miss the killer bee. Your bite misses the killer bee.
The killer bee is almost dead.
You are no longer berserk.
You are exhausted.
You feel yourself slow down. The killer bee misses you.
The killer bee stings you but does no damage.
You shoot a bolt. The bolt misses the killer bee. x2
You float gracefully downwards.
Your enlightenment fades.
The killer bee completely misses you. The killer bee closely misses you.
The killer bee stings you.
* * * LOW HITPOINT WARNING * * *
You are poisoned.
The killer bee poisons you! The killer bee stings you.
* * * LOW HITPOINT WARNING * * *
The killer bee stings you!
You die...

§§ .##.....
.## ##.##.#
..
##.§.#.##..
#.§§.§...#
#...§...
#..y§y#
#.>..# #
#.#.###.#
#..yy@..#
###.#####
#.# #.# #.#
#.# #.# ..


You could see 2 killer bees.

Vanquished Creatures
  Sigmund (D:3)
  Eustachio (D:5)
  A black bear (D:5)
  An ogre (D:4)
  A scorpion (D:5)
  A bombardier beetle (D:4)
  2 orc priests
  Crazy Yiuf (D:3)
  A hound (D:4)
  Ijyb (D:3)
  2 iguanas (D:4)
  14 gnolls
  4 adders
  2 dart slugs (D:2)
  12 orcs
  10 ball pythons
  11 bats
  7 endoplasms
  5 giant cockroaches
  6 goblins
  13 hobgoblins
  5 quokkas
  4 frilled lizards
  4 kobolds
  4 rats
114 creatures vanquished.

Notes
Turn   | Place    | Note
-------+----------+-------------------------------------------
     0 | D:1      | Arctor the Gnoll Hexslinger began the quest for the Orb.
     0 | D:1      | Reached XP level 1. HP: 17/17 MP: 4/4
    75 | D:1      | Reached XP level 2. HP: 23/23 MP: 5/5
   111 | D:1      | Got the Writings on the Oath and Incineration
   458 | D:1      | Reached XP level 3. HP: 11/28 MP: 7/7
   808 | D:1      | You fall into a shaft and drop 1 floor!
   873 | D:2      | Reached skill level 1 in Invocations
  1034 | D:2      | Reached skill level 1 in Short Blades
  1034 | D:2      | Reached skill level 1 in Long Blades
  1034 | D:2      | Reached skill level 1 in Axes
  1034 | D:2      | Reached skill level 1 in Maces & Flails
  1034 | D:2      | Reached skill level 1 in Polearms
  1034 | D:2      | Reached skill level 1 in Staves
  1034 | D:2      | Reached skill level 1 in Throwing
  1034 | D:2      | Reached skill level 1 in Armour
  1034 | D:2      | Reached skill level 1 in Stealth
  1034 | D:2      | Reached skill level 1 in Shields
  1034 | D:2      | Reached skill level 1 in Unarmed Combat
  1034 | D:2      | Reached skill level 1 in Evocations
  1698 | D:3      | Reached skill level 1 in Shapeshifting
  1698 | D:3      | Reached XP level 4. HP: 34/34 MP: 8/8
  1860 | D:3      | Reached skill level 1 in Conjurations
  1860 | D:3      | Reached skill level 1 in Summonings
  1860 | D:3      | Reached skill level 1 in Necromancy
  1860 | D:3      | Reached skill level 1 in Translocations
  1860 | D:3      | Reached skill level 1 in Ice Magic
  1860 | D:3      | Reached skill level 1 in Air Magic
  1860 | D:3      | Reached skill level 1 in Earth Magic
  1860 | D:3      | Reached skill level 1 in Alchemy
  1924 | D:3      | Found a runed translucent door.
  1925 | D:3      | Noticed Crazy Yiuf
  2019 | D:3      | Noticed Ijyb
  2022 | D:3      | Killed Ijyb
  2023 | D:3      | Reached XP level 5. HP: 40/40 MP: 9/9
  2144 | D:3      | Noticed Sigmund
  2148 | D:3      | Killed Sigmund
  2149 | D:3      | Reached skill level 5 in Ranged Weapons
  2149 | D:3      | Reached skill level 5 in Dodging
  2149 | D:3      | Reached XP level 6. HP: 41/47 MP: 9/11
  2450 | D:3      | Found a faded altar of an unknown god.
  2556 | D:3      | Learned a level 2 spell: Jinxbite
  2560 | D:3      | Killed Crazy Yiuf
  2747 | D:4      | Reached XP level 7. HP: 48/52 MP: 12/12
  2913 | D:4      | Found a shimmering blue altar of Sif Muna.
  2964 | D:4      | Identified the +2 pair of boots "Tuucs" {^Contam rF+
                  | Regen+}
  3350 | D:5      | Entered Level 5 of the Dungeon
  3411 | D:5      | Found a staircase to the Ecumenical Temple.
  3436 | D:5      | Noticed Eustachio
  3459 | D:5      | Killed Eustachio
  3460 | D:5      | Reached skill level 6 in Hexes
  3460 | D:5      | Reached XP level 8. HP: 56/60 MP: 14/14
  3496 | D:5      | Noticed Prince Ribbit
  3549 | D:5      | HP: 2/60 [Prince Ribbit (17)]
  3571 | D:5      | Slain by a killer bee

Illustrated notes

Levels and vault maps discovered:
D:1:      dpeg_arrival_rooms_c, layout_basic, kennysheep_minor_cross
D:2:      layout_loops_ring
D:3:      layout_rooms, shapermc_ecumenical_altar_mp_ritualfount, uniq_sigmund,
          uniq_ijyb, uniq_crazy_yiuf_cottage
D:4:      layout_cave_pools, mainiacjoe_overflow_cross_hatched
D:5:      layout_loops_cross, minmay_temple_entry_proselytizer, st_stairs_7,
          nicolae_shop_overcharged_wands, uniq_prince_ribbit1, uniq_eustachio

Skill      XL: |  1  2  3  4  5  6  7 |
---------------+----------------------+-----
Fire Magic     | 2 3 |  3.4
Invocations    | 1 2 3 |  3.5
Short Blades   | 1 2 3 |  3.2
Long Blades    | 1 2 3 |  3.2
Axes           | 1 2 3 |  3.2
Maces & Flails | 1 2 3 |  3.2
Polearms       | 1 2 3 |  3.2
Staves         | 1 2 3 |  3.2
Throwing       | 1 2 3 |  3.2
Armour         | 1 2 3 |  3.2
Stealth        | 1 2 3 |  3.2
Shields        | 1 2 3 |  3.2
Unarmed Combat | 1 2 3 |  3.2
Evocations     | 1 2 3 |  3.2
Shapeshifting  | 1 2 |  2.9
Spellcasting   | 3 4 |  4.3
Conjurations   | 1 2 |  2.6
Summonings     | 1 2 |  2.6
Necromancy     | 1 2 |  2.6
Translocations | 1 2 |  2.6
Ice Magic      | 1 2 |  2.6
Air Magic      | 1 2 |  2.6
Earth Magic    | 1 2 |  2.6
Alchemy        | 1 2 |  2.6
Fighting       | 3 4 |  4.1
Ranged Weapons | 5 |  5.6
Dodging        | 5 |  5.6
Hexes          | 6 |  6.1

Action                     |  1- 3 |  4- 6 |  7- 9 || total
---------------------------+-------+-------+-------++-------
  Melee: Arbalest          |       |       |    15 ||    15
   Fire: Sling             |    82 |       |       ||    82
         Arbalest          |    34 |    92 |   138 ||   264
   Cast: Jinxbite          |       |     1 |     2 ||     3
    Use: Potion            |       |     6 |     5 ||    11
         Scroll            |       |     3 |     4 ||     7
 Armour: Robe              |    18 |    40 |   120 ||   178
         Skin              |       |    12 |       ||    12
  Dodge: Dodged            |    19 |    78 |   151 ||   248
